 Dungeon Crawl Stone Soup version 0.30-a0-989-g0d87f670db (webtiles) character file.

Game seed: 3854645347751600414

230945 ytrimaz the Spry (level 18, -7/179 HPs)
             Began as a Demigod Summoner on Apr 3, 2023.
             Mangled by a salamander
             ... wielding a +0 spear
              (15 damage)
             ... on level 2 of the Snake Pit.
             The game lasted 01:21:35 (34665 turns).

ytrimaz the Spry (Demigod Summoner)                Turns: 34665, Time: 01:21:36

Health: -7/179     AC: 10    Str: 21    XL:     18   Next: 12%
Magic:  3/39       EV: 25    Int: 60    God:
Gold:   2859       SH:  0    Dex: 18    Spells: 11/41 levels left

rFire   . . .      SeeInvis +    N - +10 great sword of Pyromania {flame, Str+4 Int+4 SInv}
rCold   . . .      Faith    .    (shield currently unavailable)
rNeg    . . .      Spirit   .    T - +3 troll leather armour {Snorg}
rPois   .          Reflect  .    (helmet restricted)
rElec   .          Rampage  +    K - +0 cloak "Cumae" {Str+8}
rCorr   +                        b - +0 pair of gloves of Vampiric Thralls {rCorr Int+3}
Will    +....                    W - +0 pair of boots {rampage}
Stlth   ++                       L - amulet of magic regeneration
HPRegen 1.29/turn                h - +6 ring of intelligence
MPRegen 0.66/turn                i - ring "Laubat" {Int+6 Dex+4 Slay+5}

@: no status effects
A: high MP 1, forlorn, divine attributes, horns 1, robust 1
}: 1/15 runes: barnacled
a: no special abilities


You were on level 2 of the Snake Pit.
You visited 6 branches of the dungeon, and saw 29 of its levels.
You also visited: Ice Cave.

You collected 3603 gold pieces.
You spent 744 gold pieces at shops.


Innate Abilities, Weirdness & Mutations

You have an increased reservoir of magic. (+10% MP)
You shall have no god before yourself.
Your divine heritage dramatically boosts your attributes as you level up.
You have a pair of small horns on your head.
You are robust. (+10% HP)


   Skills:
 + Level 15.0 Fighting
 - Level 0.7 Armour
 - Level 20.0 Dodging
 - Level 1.7 Stealth
 - Level 12.0 Spellcasting
 - Level 4.0 Hexes
 - Level 12.0 Summonings
 - Level 3.0 Ice Magic
 - Level 2.0 Air Magic


You had 11 spell levels left.
You knew the following spells:

 Your Spells              Type           Power      Damage    Failure   Level
a - Summon Ice Beast      Ice/Summ       90%        N/A       1%          4
b - Call Canine Familiar  Summ           100%       N/A       0%          3
c - Summon Mana Viper     Hex/Summ       93%        N/A       1%          5
d - Summon Guardian Gole  Hex/Summ       93%        N/A       1%          3
e - Summon Lightning Spi  Summ/Air       88%        N/A       1%          4
f - Monstrous Menagerie   Summ           55%        N/A       2%          7
g - Animate Armour        Summ/Erth      100%       N/A       1%          4

Your spell library contained the following spells:

 Spells                   Type           Power      Damage    Failure   Level
 Summon Small Mammal      Summ           100%       N/A       0%          1
 Call Imp                 Summ           100%       N/A       0%          2
 Apportation              Tloc           72%        N/A       1%          1
 Sandblast                Erth           72%        2d16      1%          1
 Shock                    Conj/Air       100%       1d9       1%          1
 Sting                    Tmut/Pois      100%       1d8       1%          1
 Passwall                 Tmut/Erth      30%        N/A       1%          2
 Poisonous Vapours        Pois/Air       96%        N/A       1%          2
 Sublimation of Blood     Necr           36%        N/A       1%          2
 Frozen Ramparts          Ice            100%       1d16      1%          3
 Hailstorm                Conj/Ice       52%        3d12      1%          3
 Inner Flame              Hex/Fire       56%        N/A       1%          3
 Kindle Blastsparks       Fire/Tloc/Air  86%        2d17      1%          3
 Stone Arrow              Conj/Erth      72%        3d11      1%          3
 Swiftness                Air            56%        N/A       1%          3
 Tukima's Dance           Hex            71%        N/A       1%          3
 Airstrike                Air            28%        2d(4-20)  1%          4
 Fulminant Prism          Conj/Hex       28%        3d13      1%          4
 Ice Form                 Ice/Tmut       52%        N/A       2%          4
 Silence                  Hex/Air        32%        N/A       3%          5
 Flame Wave               Conj/Fire      36%        2d10      4%          4
 Iskenderun's Mystic Bla  Conj/Tloc      36%        2d9       4%          4
 Olgreb's Toxic Radiance  Pois           36%        N/A       4%          4
 Passage of Golubria      Tloc           36%        N/A       4%          4
 Petrify                  Tmut/Erth      36%        N/A       4%          4
 Sticky Flame             Conj/Fire      36%        2d6       4%          4
 Yara's Violent Unravell  Hex/Tmut       28%        3d12      4%          5
 Alistair's Intoxication  Tmut/Pois      24%        N/A       12%         5
 Blade Hands              Tmut           18%        N/A       12%         5
 Irradiate                Conj/Tmut      18%        3d17      12%         5
 Lee's Rapid Deconstruct  Erth           18%        3d11*     12%         5
 Simulacrum               Ice/Necr       26%        N/A       34%         6
 Iron Shot                Conj/Erth      18%        9d4       54%         6
 Lehudib's Crystal Spear  Conj/Erth      18%        10d5      100%        8

Inventory:

Hand Weapons
 m - a +0 dagger of venom
   (You took it off a kobold on level 2 of the Dungeon)
 N - the +10 great sword of Pyromania (weapon) {flame, Str+4 Int+4 SInv}
   (You found it on level 12 of the Dungeon)

   Str:       It affects your strength (+4).
   Int:       It affects your intelligence (+4).
   SInv:      It lets you see invisible.
Missiles
 r - 5 throwing nets
Armour
 b - the +0 pair of gloves of Vampiric Thralls (worn) {rCorr Int+3}
   (You found it in an ice cave)

   Int:       It affects your intelligence (+3).
   rCorr:     It protects you from acid and corrosion.
 y - a +2 pair of gloves
   (You found it on level 6 of the Dungeon)
 E - a +2 cloak
   (You took it off a white draconian in an ice cave)
 K - the +0 cloak "Cumae" (worn) {Str+8}
   (You found it on level 2 of the Lair of Beasts)

   Str:       It affects your strength (+8).
 T - a +3 troll leather armour (worn) {Snorg}
   (You found it on level 14 of the Dungeon)
 W - a +0 pair of boots of rampaging (worn)
   (You found it on level 4 of the Shoals)
Jewellery
 a - the ring of the Tortoise {AC+8}
   (You acquired it on level 13 of the Dungeon)

   [ring of protection]

   AC:        It affects your AC (+8).
 h - a +6 ring of intelligence (left hand)
   (You found it on level 1 of the Dungeon)
 i - the ring "Laubat" (right hand) {Int+6 Dex+4 Slay+5}
   (You found it on level 6 of the Dungeon)

   [ring of intelligence]

   Int:       It affects your intelligence (+6).
   Dex:       It affects your dexterity (+4).
   Slay:      It affects your accuracy & damage with ranged weapons and melee
   (+5).
 I - a ring of resist corrosion
   (You found it on level 13 of the Dungeon)
 J - a ring of positive energy
   (You found it on level 11 of the Dungeon)
 L - an amulet of magic regeneration (around neck)
   (You found it on level 12 of the Dungeon)
 M - a ring of protection from cold
   (You found it on level 12 of the Dungeon)
 S - a +5 ring of evasion
   (You found it on level 14 of the Dungeon)
Wands
 k - a wand of mindburst (36)
   (You found it on level 2 of the Dungeon)
 o - a wand of charming (16)
   (You found it on level 9 of the Dungeon)
 x - a wand of flame (45)
   (You found it on level 6 of the Dungeon)
 F - a wand of iceblast (15)
   (You took it off a wight on level 10 of the Dungeon)
 U - a wand of digging (2)
   (You found it on level 4 of the Shoals)
 Z - a wand of quicksilver (13)
   (You found it on level 1 of the Lair of Beasts)
Scrolls
 g - 8 scrolls of enchant armour
 n - 7 scrolls of brand weapon
 p - 2 scrolls of fog
 u - 6 scrolls of fear
 v - 10 scrolls of teleportation
 B - 4 scrolls of blinking
 C - 4 scrolls of amnesia
 G - 3 scrolls of magic mapping
 H - 5 scrolls of enchant weapon
 O - 13 scrolls of identify
Potions
 c - 7 potions of flight
 d - 9 potions of lignification
 e - 6 potions of attraction
 f - 5 potions of cancellation
 j - 16 potions of curing
 q - 4 potions of invisibility
 s - 2 potions of ambrosia
 t - 2 potions of heal wounds
 w - 4 potions of haste
 z - a potion of berserk rage
 A - 3 potions of resistance
 D - 2 potions of magic
 Q - a potion of brilliance
 R - 3 potions of might
 X - 2 potions of mutation
Miscellaneous
 V - a phantom mirror
   (You found it on level 4 of the Shoals)

Dungeon Overview and Level Annotations

Branches:
Dungeon (15/15) Zot: 25091  Temple (0/1) D:6            Lair (5/5) D:11 Zot: 24413
 Shoals (4/4) Lair:2 Zot: 19533   Snake (2/4) Lair:2 Zot: 10059   Slime (1/5) Lair:4 Zot: 5998
    Orc (2/2) D:10 Zot: 10286     Elf (0/3) Orc:2        Vaults (0/5) D:14
 Depths (0/4) D:15          IceCv (visited)

Shops:
D:4 (   Orc:2 =[?!* Snake:1

[: #....?......##.....#
#...........##.....#
#.......N...##.....#
#'#######.####.....#
##+#####.#######'###......#
......§NN##....)..##......#
.....N..N##.......##......#
...).°°..##.......##......#
....○.☼..##@..NS..##......#
....°☼○..##..N....#
.........##..k....#
⌠))###########.#### ... #+#


You could see 2 salamanders, a friendly lindwurm (summoned) and a friendly mana
viper (summoned).


Message History

Unknown command.
The salamander shoots an arrow.
The arrow hits you!
* * * LOW HITPOINT WARNING * * *
The arrow burns you.
* * * LOW HITPOINT WARNING * * *
😱 HP[-17] MP[+1]
You take 17 damage, and now have 38/179 hp. 😱 HP[+1] MP[+1]
The salamander shoots an arrow.
The arrow barely misses your mana viper.
The arrow hits you.
* * * LOW HITPOINT WARNING * * *
The arrow burns you.
* * * LOW HITPOINT WARNING * * *
The salamander unwields a +0 shortbow of flaming.
It stops flaming.
The salamander hits your mana viper but does no damage.
Your mana viper bites the salamander! 😱 HP[-4]
You take 4 damage, and now have 35/179 hp.
Your mana viper bites the salamander.
The salamander wields a +0 shortbow of flaming.
It bursts into flame!
The salamander shoots an arrow.
The arrow hits your mana viper!
The arrow burns your mana viper! 😱 HP[+2] MP[+1]
You regained 2 hp, and now have 37/179 hp.
Unknown command.
Your mana viper bites the salamander but does no damage.
The salamander shoots an arrow.
The arrow hits your mana viper. The arrow burns your mana viper.
Your mana viper bites the salamander! 😱 HP[+1] MP[+1] Unknown command.
The salamander is no longer moving quickly.
The salamander shoots an arrow.
The arrow closely misses your mana viper.
The arrow hits you!
* * * LOW HITPOINT WARNING * * *
The arrow burns you.
* * * LOW HITPOINT WARNING * * *
Your mana viper bites the salamander but does no damage.
The salamander unwields a +0 shortbow of flaming.
It stops flaming.
The salamander hits your mana viper.
Your mana viper is engulfed in flames! 😱 HP[-12]
You take 12 damage, and now have 26/179 hp.
Unknown command.
Your mana viper bites the salamander.
The salamander wields a +0 shortbow of flaming.
It bursts into flame!
The salamander shoots an arrow.
The arrow closely misses you.
The salamander completely misses your mana viper.
The salamander hits you from afar with a +0 spear.
* * * LOW HITPOINT WARNING * * *
You are engulfed in flames!
* * * LOW HITPOINT WARNING * * *
😱 HP[-17] MP[+1]
You take 17 damage, and now have 9/179 hp.
Unknown command.
Unknown command.
You feel much better.
Your mana viper bites the salamander!
The salamander dies!
Your mana viper barely misses the salamander.
The salamander closely misses you. 😱 HP[+25] MP[+1]
You regained 25 hp, and now have 34/179 hp.
Unknown command.
Unknown command.
Your mana viper bites the salamander!
The salamander misses you. 😱 HP[+1]
The salamander hits you from afar with a +0 spear.
* * * LOW HITPOINT WARNING * * *
You are engulfed in flames!
* * * LOW HITPOINT WARNING * * *
Your mana viper closely misses the salamander. 😱 HP[-10] MP[+1]
You take 10 damage, and now have 25/179 hp.
The salamander shoots an arrow.
The arrow closely misses you.
Your mana viper bites the salamander but does no damage.
The salamander barely misses your mana viper. 😱 HP[+2]
You regained 2 hp, and now have 27/179 hp.
Your mana viper bites the salamander.
The salamander shoots an arrow.
The arrow completely misses you. 😱 HP[+1] MP[+1]
Casting: Summon Mana Viper (mildly dangerous; 1% risk of failure)
Confirm with . or Enter, or press ? or * to list all spells.
You summon a lindwurm!
The salamander shoots an arrow.
The arrow hits you!
* * * LOW HITPOINT WARNING * * *
The arrow burns you.
* * * LOW HITPOINT WARNING * * *
Your mana viper bites the salamander.
Unknown command. 😱 HP[-16] MP[-6]
You take 16 damage, and now have 12/179 hp.
You lost 6 mp, and now have 3/39 mp.
Your mana viper closely misses the salamander.
The salamander hits you from afar with a +0 spear.
* * * LOW HITPOINT WARNING * * *
You are engulfed in flames!
You die...

Skill      XL: |  1  2  3  4  5  6  7  8  9 10 11 12 13 14 15 16 17 18 |
---------------+-------------------------------------------------------+-----
Spellcasting   | 2 3 4 5 6 8 11 12 | 12.0
Summonings     | 4 5 6 7 10 11 12 | 12.0
Hexes          | 1 4 |  4.0
Air Magic      | 2 |  2.0
Dodging        | 3 5 8 10 11 15 18 19 20 | 20.0
Fighting       | 2 5 8 10 11 13 14 15 | 15.0
Ice Magic      | 3 |  3.0
Armour         | |  0.7
Stealth        | |  1.7

Action                     |  1- 3 |  4- 6 |  7- 9 | 10-12 | 13-15 | 16-18 || total
---------------------------+-------+-------+-------+-------+-------+-------++-------
  Melee: Unarmed           |    68 |       |       |       |       |       ||    68
         Punch             |     1 |       |       |       |       |       ||     1
         Dagger            |       |    47 |    31 |    46 |       |       ||   124
         Great sword       |       |       |       |    24 |   188 |   117 ||   329
         Headbutt          |       |       |       |       |    36 |    31 ||    67
   Cast: Summon Small Mamm |    72 |    26 |     8 |       |       |       ||   106
         Call Canine Famil |     7 |    16 |    33 |    54 |    39 |     8 ||   157
         Summon Guardian G |     1 |     4 |    13 |    33 |    45 |     4 ||   100
         Summon Lightning  |       |       |     6 |     6 |     8 |       ||    20
         Summon Ice Beast  |       |       |    15 |    73 |    49 |    23 ||   160
         Summon Mana Viper |       |       |       |    91 |    49 |    37 ||   177
         Monstrous Menager |       |       |       |     5 |   200 |   158 ||   363
         Animate Armour    |       |       |       |       |       |     6 ||     6
  Evoke: Wand              |       |     2 |       |       |       |     1 ||     3
    Use: Scroll            |     5 |     8 |     3 |    12 |     4 |     6 ||    38
         Potion            |       |       |       |       |     4 |    11 ||    15
   Stab: Distracted        |     1 |     2 |     1 |       |     7 |     2 ||    13
         Confused          |       |       |       |       |     1 |       ||     1
         Paralysed         |       |       |       |       |     1 |     5 ||     6
         Sleeping          |       |       |       |       |       |     1 ||     1
 Armour: Robe              |    17 |    21 |    23 |    26 |       |       ||    87
         Steam dragon scal |       |       |       |    23 |       |       ||    23
         Troll leather arm |       |       |       |     1 |   132 |    70 ||   203
  Dodge: Dodged            |    63 |    39 |    44 |   110 |   516 |   434 ||  1206

Levels and vault maps discovered:
D:1:      zaba_arrival_water, layout_loops_ring, dk_noncrumbling_4,
          hangedman_decor_push
D:2:      layout_loops_cross
D:3:      layout_basic, tgw_sif, minivault_23, uniq_robin
D:4:      layout_basic, yredelemnul_forgotten_temple_becter, zin_angel,
          old_standard_altar, hangedman_decor_slide_cut,
          nicolae_shop_firing_range
D:5:      layout_loops_cross, marbit_many_paths, gammafunk_temple_overflow_claw,
          mainiacjoe_overflow_two_lobes, uniq_pikel, uniq_duvessa, uniq_grinder
D:6:      minmay_clustersquares, layout_loops_ring, general_overflow_altar,
          minmay_temple_entry_waves, minmay_misc_feat_rows
D:7:      layout_gridville, uniq_prince_ribbit1
D:8:      layout_rooms
D:9:      layout_cave_pools
D:10:     layout_roguey, zombieorc2_lemuel
D:11:     layout_stronghold, lair_entry_dummy, tgw_fedhas, uniq_lodul
D:12:     layout_small_grid, nicolae_shop_fire_sale [nicolae_sub_dead_trees],
          hangedman_misty_isle
D:13:     layout_loops_cross, chequers_serial_rivers_marsh
D:14:     layout_rooms, david_vaults_1, serial_park_fountain, serial_glass,
          glass_columns_b, glass_columns_a, glass_columns_b, uniq_snorg
D:15:     gammafunk_enter_depths_forms, layout_irregular_city,
          serial_park_avenue1, uniq_agnes
Lair:1:   beast_lair_carwin_large_3, layout_small_grid, uniq_harold, uniq_erica
Lair:2:   layout_cave_pods, elwin_shoals_entry_rocks,
          minmay_snake_entry_six_corridors
Lair:3:   layout_chaotic_city, dreamdust_gnoll_shepherd, grunt_megastairs_1,
          uniq_rupert
Lair:4:   layout_roguey, dpeg_slime_entry_enclosed
Lair:5:   hangedman_lair_caniforms_friends, layout_regular_city, wormcave,
          basic_altar, infiniplex_staircase_pool_2
Shoals:1: layout_shoals
Shoals:2: dreamdust_from_the_deep, layout_shoals, nicolae_shoals_spectral_cove
Shoals:3: nzn_motion_control, layout_shoals, uniq_polyphemus
Shoals:4: shoals_end_hellmonk_lost_city, uniq_donald
Snake:1:  layout_chambers, portal_ice_cave_entry_pillars_four,
          grunt_ministairs_5, minmay_shoptagon
Snake:2:  layout_grid_maze, ebering_ghost_disaster_area, drop_trap,
          grunt_ministairs_1
Slime:1:  layout_caves
Orc:1:    layout_diamond_mine, basic_altar, minmay_orc_temple_c
Orc:2:    kennysheep_orc_mage_school, layout_diamond_mine, serial_shops,
          nicolae_shop_statue_plus, basic_altar

Notes
Turn   | Place    | Note
-------+----------+-------------------------------------------
     0 | D:1      | ytrimaz the Demigod Summoner began the quest for the Orb.
     0 | D:1      | Reached XP level 1. HP: 14/14 MP: 5/5
     0 | D:1      | magus.rc [v1.9.6]
   150 | D:1      | Reached skill level 2 in Spellcasting
   437 | D:1      | Reached XP level 2. HP: 17/20 MP: 5/7
   493 | D:1      | You pick up a book of the Tundra and begin reading...
   493 | D:1      | You add the spells Hailstorm, Ice Form and Simulacrum to
                  | your library.
   940 | D:1      | Reached skill level 4 in Summonings
  1196 | D:2      | Reached XP level 3. HP: 26/26 MP: 5/9
  1200 | D:2      | Learned a level 3 spell: Call Canine Familiar
  1204 | D:2      | Learned a level 3 spell: Summon Guardian Golem
  2228 | D:3      | Noticed Robin
  2261 | D:3      | Reached XP level 4. HP: 33/33 MP: 2/11
  2268 | D:3      | Reached skill level 3 in Spellcasting
  2269 | D:3      | Killed Robin
  2797 | D:3      | You pick up a book of Blasting and begin reading...
  2797 | D:3      | You add the spells Kindle Blastsparks, Fulminant Prism,
                  | Iskenderun's Mystic Blast and Lee's Rapid Deconstruction to
                  | your library.
  2815 | D:3      | Noticed Jessica
  2826 | D:3      | Killed Jessica
  3142 | D:3      | Reached skill level 5 in Summonings
  3142 | D:3      | Reached XP level 5. HP: 38/38 MP: 10/13
  3289 | D:4      | Noticed an ogre
  3401 | D:4      | Killed an ogre
  3426 | D:4      | Reached skill level 4 in Spellcasting
  3580 | D:4      | Learned a level 4 spell: Summon Lightning Spire
  3628 | D:4      | Found Nuuxtac's Firing Range.
  3703 | D:4      | Reached XP level 6. HP: 45/45 MP: 6/15
  3777 | D:4      | Noticed an angel
  4005 | D:4      | Reached skill level 6 in Summonings
  4082 | D:5      | Entered Level 5 of the Dungeon
  4097 | D:5      | Noticed Pikel
  4235 | D:5      | Noticed Grinder
  4280 | D:5      | Killed Grinder
  4281 | D:5      | Reached skill level 5 in Spellcasting
  4281 | D:5      | Reached XP level 7. HP: 25/50 MP: 10/18
  4408 | D:5      | Killed Pikel
  4409 | D:5      | Reached skill level 6 in Spellcasting
  4409 | D:5      | Reached skill level 1 in Hexes
  4409 | D:5      | Reached skill level 7 in Summonings
  4547 | D:5      | Reached XP level 8. HP: 57/57 MP: 17/21
  4793 | D:5      | Noticed Duvessa
  4793 | D:5      | Noticed Dowan
  4817 | D:5      | Killed Duvessa
  4818 | D:5      | Reached skill level 7 in Spellcasting
  4916 | D:5      | Killed Dowan
  5349 | D:5      | You pick up a book of Rime and begin reading...
  5349 | D:5      | You add the spells Frozen Ramparts and Summon Ice Beast to
                  | your library.
  5631 | D:6      | Reached skill level 1 in Air Magic
  5661 | D:6      | Reached skill level 8 in Spellcasting
  5679 | D:6      | Reached skill level 2 in Air Magic
  5682 | D:6      | Reached skill level 2 in Dodging
  5746 | D:6      | Reached skill level 1 in Fighting
  5897 | D:6      | Reached skill level 2 in Fighting
  5914 | D:6      | Reached skill level 3 in Dodging
  6097 | D:6      | You pick up a book of Party Tricks and begin reading...
  6097 | D:6      | You add the spells Apportation and Alistair's Intoxication
                  | to your library.
  6111 | D:6      | Reached XP level 9. HP: 68/68 MP: 20/25
  6170 | D:6      | Learned a level 4 spell: Summon Ice Beast
  6407 | D:6      | Found a staircase to the Ecumenical Temple.
  6453 | D:6      | Reached skill level 1 in Ice Magic
  6483 | D:6      | Noticed a purple ugly thing
  6488 | D:6      | Reached skill level 2 in Ice Magic
  6575 | D:6      | Reached skill level 3 in Ice Magic
  6575 | D:6      | Reached skill level 3 in Fighting
  6900 | D:6      | Reached skill level 4 in Dodging
  6961 | D:6      | Killed a purple ugly thing
  6962 | D:6      | Reached skill level 4 in Fighting
  7126 | D:6      | HP: 16/72 [something/ball of steam (16)]
  7165 | D:6      | Reached skill level 5 in Dodging
  7359 | D:6      | Identified the ring "Laubat" {Int+6 Dex+4 Slay+5}
  7546 | D:7      | Reached skill level 5 in Fighting
  7796 | D:7      | You pick up a book of Geomancy and begin reading...
  7796 | D:7      | You add the spells Sandblast, Passwall and Stone Arrow to
                  | your library.
  7865 | D:7      | Reached XP level 10. HP: 81/81 MP: 18/26
  7923 | D:7      | Noticed Prince Ribbit
  7931 | D:7      | Killed Prince Ribbit
  7932 | D:7      | Reached skill level 6 in Dodging
  7970 | D:8      | You pick up a book of Air and begin reading...
  7970 | D:8      | You add the spells Shock, Swiftness and Airstrike to your
                  | library.
  8133 | D:8      | You add the spells Sting, Poisonous Vapours and Olgreb's
                  | Toxic Radiance to your library.
  8605 | D:8      | Reached skill level 6 in Fighting
  8735 | D:8      | Identified a scroll of acquirement
  8735 | D:8      | Acquired a book of Beasts
  8738 | D:8      | You pick up a book of Beasts and begin reading...
  8738 | D:8      | You add the spells Summon Mana Viper and Monstrous
                  | Menagerie to your library.
  8798 | D:9      | Learned a level 5 spell: Summon Mana Viper
  9154 | D:9      | Reached skill level 7 in Dodging
  9335 | D:9      | Reached skill level 7 in Fighting
 10215 | D:10     | Entered Level 10 of the Dungeon
 10535 | D:10     | Reached skill level 8 in Dodging
 10672 | D:10     | HP: 16/88 [themself (38)]
 11142 | D:10     | Reached skill level 8 in Fighting
 11143 | D:10     | Found a staircase to the Orcish Mines.
 11279 | D:10     | Noticed a cyclops
 11285 | D:10     | Killed a cyclops
 11355 | D:10     | Reached XP level 11. HP: 94/94 MP: 18/27
 11622 | D:11     | Noticed Lodul
 11634 | D:10     | Killed Lodul
 11746 | D:11     | Noticed a boulder beetle
 11797 | D:11     | Killed a boulder beetle
 11958 | D:11     | Reached skill level 9 in Dodging
 12139 | D:11     | Found a staircase to the Lair.
 12144 | D:11     | Noticed a boulder beetle
 12156 | D:11     | Killed a boulder beetle
 12157 | D:11     | Reached skill level 9 in Fighting
 12562 | D:11     | You pick up a book of Alchemy and begin reading...
 12562 | D:11     | You add the spells Sublimation of Blood, Petrify and
                  | Irradiate to your library.
 13277 | D:11     | Reached skill level 2 in Hexes
 13692 | D:11     | Learned a level 7 spell: Monstrous Menagerie
 14000 | D:12     | Noticed a two-headed ogre
 14205 | D:12     | Reached skill level 10 in Fighting
 14209 | D:12     | Reached skill level 3 in Hexes
 14332 | D:12     | Noticed a deep elf pyromancer
 14333 | D:12     | Reached skill level 10 in Dodging
 14337 | D:12     | Killed a deep elf pyromancer
 14446 | D:12     | Reached skill level 4 in Hexes
 14573 | D:12     | Identified the +10 great sword of Pyromania {flame, Str+4
                  | Int+4 SInv}
 14784 | D:12     | Killed a two-headed ogre
 14950 | D:12     | Found Peot's Fire Supplies.
 15357 | D:13     | Noticed a centaur warrior
 15367 | D:13     | Killed a centaur warrior
 15444 | D:13     | Reached XP level 12. HP: 91/106 MP: 29/29
 15588 | D:13     | Reached skill level 8 in Summonings
 15622 | D:13     | Reached skill level 9 in Spellcasting
 15646 | D:13     | Noticed a centaur warrior
 15654 | D:13     | Killed a centaur warrior
 16337 | D:14     | Reached skill level 9 in Summonings
 16401 | D:14     | HP: 24/106 [skeletal warrior/+0 flail (18)]
 16791 | D:14     | Noticed a boulder beetle
 17030 | D:13     | Killed a boulder beetle
 17118 | D:14     | Reached skill level 10 in Spellcasting
 17338 | D:14     | Noticed Snorg
 17346 | D:14     | Killed Snorg
 17437 | D:14     | Reached skill level 10 in Summonings
 17489 | D:14     | Found a gate to the Vaults.
 17631 | D:14     | Reached skill level 11 in Spellcasting
 17656 | D:14     | Reached XP level 13. HP: 113/113 MP: 23/32
 17783 | D:15     | Entered Level 15 of the Dungeon
 18134 | D:15     | Noticed a green very ugly thing
 18151 | D:15     | Killed a red very ugly thing
 18245 | D:15     | Noticed Agnes
 18255 | D:15     | Killed Agnes
 18371 | D:15     | Reached skill level 12 in Spellcasting
 18587 | D:15     | You add the spells Tukima's Dance, Passage of Golubria and
                  | Yara's Violent Unravelling to your library.
 19116 | D:15     | Found a staircase to the Depths.
 19468 | Orc:1    | Entered Level 1 of the Orcish Mines
 19736 | Orc:1    | Reached skill level 11 in Summonings
 19837 | Orc:1    | Reached skill level 11 in Fighting
 19949 | Orc:1    | Reached skill level 11 in Dodging
 20093 | Orc:2    | Entered Level 2 of the Orcish Mines
 20430 | Orc:2    | Found a staircase to the Elven Halls.
 20579 | Orc:2    | Found Rix Ceps's Assorted Antiques.
 20732 | Orc:2    | Found Unoenacs's Distillery.
 20754 | Orc:2    | Found Ryahit's Magic Scroll Emporium.
 20792 | Orc:2    | Reached XP level 14. HP: 124/124 MP: 29/35
 20792 | Orc:2    | Noticed Nergalle
 20798 | Orc:2    | Killed Nergalle
 20860 | Orc:2    | Paralysed by an ogre mage for 5 turns
 20977 | Orc:2    | Found Qemiuwk's Antique Armour Shoppe.
 20982 | Orc:2    | Found Orchasom's Jewellery Shoppe.
 21123 | Orc:2    | Bought an ichor-stained long sword for 204 gold pieces
 21123 | Orc:2    | Identified the +1 long sword of Opha {distort, *Noise rN++
                  | Str+2} (You bought it in a shop on level 2 of the Orcish
                  | Mines)
 21125 | Orc:2    | magus.rc [v1.9.6]
 21125 | Orc:2    | magus.rc [v1.9.6]
 21219 | Lair:1   | Entered Level 1 of the Lair of Beasts
 21339 | Lair:1   | Noticed Erica
 21343 | Lair:1   | Killed Erica
 21384 | Lair:1   | Noticed Harold
 21393 | Lair:1   | Killed Harold
 21479 | Lair:1   | Reached skill level 12 in Summonings
 21615 | Lair:1   | Reached skill level 12 in Dodging
 21686 | Lair:1   | Acquired the ring of the Tortoise {AC+8}
 21686 | Lair:1   | Found the ring of the Tortoise {AC+8}
 22013 | Lair:1   | Gained mutation: You have a pair of small horns on your
                  | head. [potion of mutation]
 22013 | Lair:1   | Gained mutation: You are robust. (+10% HP) [potion of
                  | mutation]
 22167 | Lair:2   | Identified the +0 cloak "Cumae" {Str+8}
 22275 | Lair:2   | Found a staircase to the Snake Pit.
 22572 | Lair:2   | Found a staircase to the Shoals.
 23271 | Lair:3   | Reached skill level 13 in Dodging
 23380 | Lair:3   | Noticed Rupert
 23393 | Lair:3   | Killed Rupert
 24196 | Lair:4   | Reached skill level 14 in Dodging
 24283 | Lair:4   | Identified the +3 ring mail of Negligence {Str+3}
 24768 | Lair:4   | Found a staircase to the Slime Pits.
 24895 | Slime:1  | Entered Level 1 of the Pits of Slime
 24932 | Lair:5   | Entered Level 5 of the Lair of Beasts
 25039 | Lair:5   | Reached skill level 15 in Dodging
 25086 | Lair:5   | Reached XP level 15. HP: 141/141 MP: 22/36
 25823 | Lair:5   | Identified the +8 dagger "Hestrabo" {heavy, Will+}
 25860 | Lair:5   | You pick up a book of the Moon and begin reading...
 25860 | Lair:5   | You add the spells Silence and Lehudib's Crystal Spear to
                  | your library.
 25935 | Lair:5   | Reached skill level 16 in Dodging
 26067 | Lair:5   | Found a runed translucent door.
 26186 | Lair:5   | Paralysed by a hornet for 2 turns
 26803 | Shoals:1 | Entered Level 1 of the Shoals
 27056 | Shoals:1 | Reached skill level 17 in Dodging
 27745 | Shoals:2 | HP: 34/138 [ghost crab (3)]
 28249 | Shoals:2 | Reached skill level 18 in Dodging
 28300 | Shoals:2 | Identified the +3 long sword "Emmorery" {vamp, Contam Drain
                  | rElec Str+9}
 28606 | Shoals:2 | Noticed a kraken
 28628 | Shoals:2 | Killed a kraken
 28634 | Shoals:2 | Reached XP level 16. HP: 136/151 MP: 15/37
 28766 | Shoals:3 | Noticed Polyphemus
 28777 | Shoals:3 | Killed Polyphemus
 28971 | Shoals:3 | Reached skill level 12 in Fighting
 29444 | Shoals:3 | Identified a potion of experience
 29727 | Shoals:4 | Entered Level 4 of the Shoals
 29948 | Shoals:4 | Noticed Donald
 29977 | Shoals:4 | Killed Donald
 30191 | Shoals:4 | Noticed a sphinx
 30288 | Shoals:4 | HP: 33/140 [satyr/arrow (26)]
 30292 | Shoals:4 | Killed a sphinx
 30350 | Shoals:4 | Reached skill level 19 in Dodging
 30480 | Shoals:4 | Reached skill level 13 in Fighting
 30556 | Shoals:4 | Noticed a sphinx
 30566 | Shoals:4 | Killed a sphinx
 30650 | Shoals:4 | Found the +8 demon trident "Rift" {distort, reach+}
 30660 | Shoals:4 | Noticed a sphinx
 30670 | Shoals:4 | Killed a sphinx
 30829 | Shoals:4 | Got a barnacled rune of Zot
 30908 | Shoals:4 | Reached XP level 17. HP: 165/165 MP: 38/38
 30979 | Snake:1  | Entered Level 1 of the Snake Pit
 31249 | Snake:1  | Found a frozen archway.
 31256 | IceCv    | Entered an ice cave
 31662 | IceCv    | HP: 21/165 [ice dragon/blast of cold[an orange crystal
                  | statue] (62)]
 31664 | IceCv    | HP: 10/165 [ice dragon[an orange crystal statue] (4)]
 31669 | IceCv    | HP: 10/165 [ice dragon/blast of cold[an orange crystal
                  | statue] (18)]
 32390 | IceCv    | Reached skill level 20 in Dodging
 32596 | IceCv    | Identified the +0 pair of gloves of Vampiric Thralls {rCorr
                  | Int+3}
 32738 | IceCv    | Reached skill level 14 in Fighting
 32881 | IceCv    | HP: 20/167 [ironbound frostheart/creeping frost (43)]
 32979 | IceCv    | Found the +8 longbow "Zephyr" {speed, Dex+3 SInv}
 32985 | IceCv    | Identified the +7 mace of Dung {flame, rC+}
 33120 | Snake:1  | You pick up a book of Flames and begin reading...
 33120 | Snake:1  | You add the spells Inner Flame, Sticky Flame and Flame Wave
                  | to your library.
 33130 | Snake:1  | Reached XP level 18. HP: 149/177 MP: 34/39
 33140 | Snake:1  | Found Ytur's Armour Shop.
 33145 | Snake:1  | Found Ciucoc's Book Boutique.
 33159 | Snake:1  | Bought a book of Iron for 540 gold pieces
 33159 | Snake:1  | You pick up a book of Iron and begin reading...
 33159 | Snake:1  | You add the spells Animate Armour, Blade Hands and Iron
                  | Shot to your library.
 33231 | Snake:1  | Learned a level 4 spell: Animate Armour
 34617 | Snake:2  | Reached skill level 15 in Fighting
 34652 | Snake:2  | HP: 44/179 [salamander/arrow (12)]
 34657 | Snake:2  | HP: 30/179 [salamander/arrow (9)]
 34658 | Snake:2  | HP: 9/179 [salamander/+0 spear (14)]
 34664 | Snake:2  | HP: 16/179 [salamander/arrow (13)]
 34665 | Snake:2  | Mangled by a salamander

Vanquished Creatures
  A white draconian (IceCv)
  A merfolk impaler (Shoals:2)
  A fire dragon (Lair:5)
  An anaconda (Snake:1)
  An ogre mage (Orc:2)
  A catoblepas (Shoals:3)
  2 centaur warriors (D:13)
  An ironbound frostheart (IceCv)
  An orc high priest (Orc:1)
  A boulder beetle (Lair:2)
  A death yak (Lair:5)
  A shock serpent (Snake:2)
  An orange crystal statue (IceCv)
  A sea snake (Shoals:4)
  2 harpies (Shoals:3)
  An ugly thing (IceCv)
  A mana viper (Snake:1)
  2 manticores (Shoals:4)
  3 fauns
  2 water nymphs (Shoals:4)
  6 black mambas
  An unseen horror (D:13)
  A cane toad (Lair:5)
  A komodo dragon (Lair:5)
  4 rime drakes (IceCv)
  A wind drake (Shoals:1)
  A troll (D:14)
  A merfolk (Shoals:1)
  3 hornets (Lair:5)
  A tyrant leech (Lair:5)
  7 polar bears
  2 blink frogs (Lair:5)
  A snapping turtle (Shoals:3)
  A raiju (Lair:5)
  2 slime creatures (D:15)
  8 nameless horrors
  3 wyverns
  2 yaks
  A human (shapeshifter) (D:13)
  A water elemental (Shoals:3)
  3 wargs (Lair:5)
  2 nagas (Snake:1)
  3 hell hounds (Lair:5)
  3 water moccasins
  5 orc warriors
  2 black bears
  An ice beast (D:5)
  4 wolves
  A centaur (D:14)
  3 bullfrogs
  2 scorpions
  A wight (D:7)
  A killer bee (D:9)
  4 orc priests (Orc:1)
  Jessica (D:3)
  5 orc wizards
  2 adders
  An ufetubus (D:4)
  A dart slug (D:1)
  13 orcs
  2 endoplasms
  A giant cockroach (D:1)
  3 goblins
  A hobgoblin (D:3)
  A jackal (D:5)
  3 training dummies (D:4)
  A ball python (D:3)
  A bat (D:3)
  A frilled lizard (D:1)
  4 rats
150 creatures vanquished.

Vanquished Creatures (collateral kills)
  Rupert (Lair:3)
  3 sphinxes (Shoals:4)
  Polyphemus (Shoals:3)
  A kraken (Shoals:2)
  Donald (Shoals:4)
  2 frost giants (IceCv)
  A very ugly thing (D:15)
  A minotaur (Shoals:4)
  A merfolk javelineer (Shoals:2)
  A spectral kraken (Shoals:2)
  3 merfolk impalers
  2 great orbs of eyes (Shoals:2)
  Snorg (D:14)
  Harold (Lair:1)
  A rakshasa (D:15)
  3 hydras
  2 ghost crabs (Shoals:2)
  2 ironbound frosthearts (IceCv)
  An ogre mage (Orc:2)
  4 centaur warriors
  2 merfolk avatars
  2 death knights (D:15)
  A two-headed ogre (D:12)
  Erica (Lair:1)
  2 catoblepae (Shoals:3)
  11 death yaks
  3 boulder beetles
  2 tengu warriors (D:14)
  An anaconda (Snake:1)
  11 satyrs
  2 orc high priests
  A naga warrior (Snake:2)
  A shock serpent (Snake:2)
  A naga sharpshooter (Snake:1)
  Nergalle (Orc:2)
  3 skysharks
  A spectral merfolk (Shoals:2)
  3 skeletal warriors
  Lodul (D:10)
  5 sea snakes
  A glowing orange brain (D:15)
  Pikel (D:5)
  5 harpies
  A lindwurm (Lair:5)
  An oklob plant (D:11)
  27 fauns
  2 deep elf pyromancers
  9 manticores
  7 cyclopes
  23 ugly things
  4 salamanders
  9 orc sorcerers
  4 mana vipers
  4 merfolk sirens
  9 black mambas
  10 water nymphs
  A black mamba (shapeshifter) (D:15)
  An apocalypse crab (Shoals:2)
  2 gargoyles
  5 torpor snails (Lair:5)
  5 naga magi
  2 unseen horrors
  6 cane toads
  4 freezing wraiths (D:15)
  14 rime drakes
  2 kobold demonologists
  7 komodo dragons
  22 polar bears
  3 tyrant leeches (Lair:5)
  6 wind drakes
  Prince Ribbit (D:7)
  7 trolls
  3 hornets
  13 merfolk
  Grinder (D:5)
  2 raiju (Lair:5)
  4 blink frogs (Lair:5)
  12 dream sheep
  14 snapping turtles
  13 slime creatures
  A wyvern (Lair:1)
  29 yaks
  A vampire (D:14)
  A spriggan (shapeshifter) (D:14)
  3 water elementals
  7 wraiths
  6 shadows
  4 steam dragons
  2 basilisks
  7 wargs
  A swamp worm (shapeshifter) (D:15)
  4 acid dragons
  14 nagas
  14 water moccasins
  4 sky beasts
  2 ice beasts
  9 hell hounds (Lair:5)
  15 orc warriors
  15 black bears
  18 ogres
  A spectral cyclops (Shoals:2)
  8 centaurs
  27 wolves
  4 lemures (D:5)
  A phantom (D:10)
  7 bullfrogs
  2 kobold brigands (D:9)
  A scorpion (D:4)
  A gnoll sergeant (D:6)
  10 wights
  Dowan (D:5)
  14 killer bees
  3 troll zombies (D:10)
  4 howler monkeys
  2 hounds (D:6)
  15 orc priests
  3 gnoll boudas
  2 jellies (D:6)
  4 sleepcaps
  An iguana (D:6)
  36 orc wizards
  6 nameless horrors
  4 ogre zombies (D:10)
  Robin (D:3)
  17 gnolls
  5 adders
  2 white imps
  4 ufetubi
  A worm (D:3)
  4 dart slugs
  67 orcs
  6 ball pythons
  4 endoplasms
  2 giant cockroaches (D:4)
  8 goblins
  8 hobgoblins
  6 jackals
  13 kobolds
  3 bats
  4 frilled lizards
  4 goblin zombies (D:10)
  3 hobgoblin skeletons (D:10)
  A hobgoblin zombie (D:10)
  2 orc skeletons (D:10)
  14 orc zombies (D:10)
  6 rats
  A spectral orc (D:4)
  A plant (Lair:5)
  3 tentacles (Shoals:2)
859 creatures vanquished.

Vanquished Creatures (others)
  Agnes (D:15)
  A spectral kraken (Shoals:2)
  A centaur warrior (D:15)
  3 death yaks
  A salamander mystic (Snake:2)
  3 skeletal warriors
  A necromancer (D:14)
  3 manticores
  3 ugly things (D:15)
  A tengu conjurer (D:14)
  A troll (D:14)
  A nameless horror (Shoals:4)
  3 hornets (Lair:5)
  A wraith (D:14)
  4 yaks
  Duvessa (D:5)
  A troll zombie (D:10)
  An orc (D:7)
  An orc zombie (D:10)
  15 fungi
  56 plants
  24 tentacles (Shoals:2)
  4 withered plants (Shoals:2)
131 creatures vanquished.

Grand Total: 1140 creatures vanquished

Table legend:
 A = Non-vault XP
 B = Vault XP
 C = Vault XP percentage of total XP
 D = Non-vault monster count
 E = Vault monster count
 F = Vault count percentage of total count
                 A         B        C        D         E       F
            +---------+---------+-------+---------+---------+-------
      Total |  159562 |  113897 |  41.7 |     647 |     370 |  36.4
            +---------+---------+-------+---------+---------+-------
        D:1 |      43 |       0 |   0.0 |      19 |       0 |   0.0
        D:2 |      59 |       0 |   0.0 |      20 |       0 |   0.0
        D:3 |      93 |      74 |  44.3 |      18 |      13 |  41.9
        D:4 |     464 |       7 |   1.5 |      22 |       4 |  15.4
        D:5 |     596 |    1128 |  65.4 |      11 |       5 |  31.2
        D:6 |    1421 |    1533 |  51.9 |      37 |      12 |  24.5
        D:7 |    1291 |     283 |  18.0 |      18 |       1 |   5.3
        D:8 |     672 |       0 |   0.0 |      27 |       0 |   0.0
        D:9 |    2784 |       0 |   0.0 |      38 |       0 |   0.0
       D:10 |    1719 |    1795 |  51.1 |      10 |      38 |  79.2
       D:11 |    4447 |    1435 |  24.4 |      14 |       8 |  36.4
       D:12 |    3799 |    1260 |  24.9 |      13 |       6 |  31.6
       D:13 |    8315 |       0 |   0.0 |      19 |       0 |   0.0
       D:14 |   10135 |    2359 |  18.9 |      22 |       5 |  18.5
       D:15 |   13302 |    6905 |  34.2 |      30 |      12 |  28.6
     Lair:1 |    4459 |    3544 |  44.3 |      22 |      11 |  33.3
     Lair:2 |    2526 |    2410 |  48.8 |       9 |       8 |  47.1
     Lair:3 |    6879 |    3094 |  31.0 |      18 |       6 |  25.0
     Lair:4 |    6959 |       0 |   0.0 |      34 |       0 |   0.0
     Lair:5 |   14537 |   16779 |  53.6 |      32 |      75 |  70.1
   Shoals:1 |   18507 |       0 |   0.0 |      41 |       0 |   0.0
   Shoals:2 |   12469 |    8888 |  41.6 |      23 |      11 |  32.4
   Shoals:3 |   13109 |    8408 |  39.1 |      29 |      10 |  25.6
   Shoals:4 |    7855 |   21013 |  72.8 |      16 |      29 |  64.4
    Snake:1 |   10778 |     562 |   5.0 |      27 |       2 |   6.9
    Snake:2 |    5641 |     609 |   9.7 |      11 |       2 |  15.4
      Orc:1 |    3245 |    1796 |  35.6 |      35 |      29 |  45.3
      Orc:2 |    3458 |    7110 |  67.3 |      32 |      34 |  51.5
      IceCv |       0 |   22905 | 100.0 |       0 |      49 | 100.0
            +---------+---------+-------+---------+---------+-------

Illustrated notes

Table legend:
 A = Kills in this place as a percentage of kills in the entire game.
 B = Kills by you in this place as a percentage of kills by you in the entire game.
 C = Kills by friends in this place as a percentage of kills by friends in the entire game.
 D = Other kills in this place as a percentage of other kills in the entire game.
 E = Experience gained in this place as a percentage of experience gained in the entire game.
 F = Experience gained in this place divided by the number of levels of this place that you have seen.
                   A       B       C       D       E      F
               +-------+-------+-------+-------+-------+----------------------
         Total | 100.0 | 100.0 | 100.0 | 100.0 | 100.0 | 9115.3
       Dungeon |  41.5 |  31.2 |  42.5 |  61.3 |  24.1 | 4394.6
          Lair |  21.1 |  29.8 |  19.5 |  25.8 |  22.4 | 12237.4
        Shoals |  15.6 |  11.3 |  16.7 |   6.5 |  33.0 | 22562.2
     Snake Pit |   4.1 |   5.0 |   4.0 |   3.2 |   6.4 | 8795.0
  Orcish Mines |  12.8 |  14.9 |  12.8 |   3.2 |   5.7 | 7804.5
      Ice Cave |   4.8 |   7.8 |   4.5 |   0.0 |   8.4 | 22905.0
               +-------+-------+-------+-------+-------+----------------------

Table legend: (Time is in decaauts)
 A = Elapsed time spent in this place.
 B = Non-inter-level travel time spent in this place.
 C = Inter-level travel time spent in this place.
 D = Time resting spent in this place.
 E = Time spent auto-exploring this place.
 F = Levels seen in this place.
 G = Mean time per level.
                   A        B        C        D        E       F      G
               +--------+--------+--------+--------+--------+-----+--------+
         Total |  35241 |  33371 |   1870 |   1695 |  23756 |  30 | 1174.7 |
       Dungeon |  19729 |  18387 |   1342 |   1012 |  13393 |  15 | 1315.3 |
          Lair |   5586 |   5299 |    287 |      6 |   4217 |   5 | 1117.2 |
        Shoals |   4466 |   4359 |    107 |    178 |   2901 |   4 | 1116.5 |
     Snake Pit |   1939 |   1885 |     54 |      0 |   1438 |   2 |  969.5 |
    Slime Pits |      1 |      1 |      0 |      0 |      0 |   1 |    1.0 |
  Orcish Mines |   1713 |   1635 |     78 |      0 |   1186 |   2 |  856.5 |
      Ice Cave |   1804 |   1804 |      0 |    499 |    620 |   1 | 1804.0 |
               +--------+--------+--------+--------+--------+-----+--------+

Top non-repeatable levels by time:
    D:11: 2423 daAuts
     D:6: 1937 daAuts
   IceCv: 1804 daAuts
  Lair:5: 1675 daAuts
 Snake:1: 1620 daAuts
    D:13: 1618 daAuts
    D:10: 1495 daAuts
    D:15: 1448 daAuts
     D:5: 1446 daAuts
     D:9: 1445 daAuts
    D:14: 1290 daAuts
Shoals:4: 1235 daAuts
    D:12: 1233 daAuts
  Lair:2: 1225 daAuts
     D:3: 1209 daAuts
